 Dungeon Crawl Stone Soup version 0.27.1 (webtiles) character file.

Game seed: 1190304836379885291

3 ZARRMARR the Chiller (level 1, -1/13 HPs)
             Began as a Merfolk Ice Elementalist on Aug 28, 2021.
             Slain by a hobgoblin (5 damage)
             ... on level 1 of the Dungeon.
             The game lasted 00:01:09 (76 turns).

ZARRMARR the Chiller (Merfolk Ice Elementalist)       Turns: 76, Time: 00:01:09

Health: -1/13      AC:  2    Str:  8    XL:     1   Next: 50%
Magic:  1/3        EV: 12    Int: 14    God:
Gold:   0          SH:  0    Dex: 14    Spells: 3/4 levels left

rFire    x . .     SeeInvis .   (no weapon)
rCold    + . .     Faith    .   (no shield)
rNeg     . . .     Spirit   .   a - +0 robe
rPois    .         Reflect  .   (no helmet)
rElec    .         Harm     .   (no cloak)
rCorr    .         Rampage  .   (no gloves)
Will     .....                  (no boots)
Stlth    ++........             (no amulet)
HPRegen  0.04/turn              b - ring of ice
MPRegen  0.08/turn              (no ring)

@: no status effects
A: (nimble swimmer 2), mertail
a: no special abilities


You were on level 1 of the Dungeon.
You visited 1 branch of the dungeon, and saw 1 of its levels.

Inventory:

Armour
 a - a +0 robe (worn)
Jewellery
 b - a ring of ice (left hand)


   Skills:
 - Level 2.6 Dodging
 - Level 2.1 Stealth
 + Level 2.1 Spellcasting
 + Level 4.4 Ice Magic


You had 3 spell levels left.
You knew the following spells:

 Your Spells              Type           Power      Damage    Failure   Level
a - Freeze                Ice            84%        1d10      3%          1

Your spell library contained the following spells:

 Spells                   Type           Power      Damage    Failure   Level
 Frozen Ramparts          Ice            42%        1d6       11%         3
 Ozocubu's Armour         Ice            21%        N/A       11%         3
 Hailstorm                Conj/Ice       11%        3d5       67%         4


Dungeon Overview and Level Annotations

Branches:
Dungeon (1/15)

Altars:


Innate Abilities, Weirdness & Mutations

((You are quick and stealthy near water. (Stealth+, EV+, Speed+++)))
Your lower body shifts to a powerful aquatic tail in water.


Message History

Casting: Freeze (safe; 3% risk of failure)
Confirm with . or Enter, or press ? or * to list all spells.
Aiming: Freeze (safe; 3% risk of failure)
Press: ? - help, Shift-Dir - straight line, f - ball python
Aim: a ball python You feel a surge of power!
You freeze the ball python.
You kill the ball python!
Unknown command.
You hit the hobgoblin.
The hobgoblin is lightly wounded.
The hobgoblin closely misses you.
You hit the hobgoblin.
The hobgoblin is moderately wounded.
The hobgoblin closely misses you.
You hit the hobgoblin but do no damage.
The hobgoblin is moderately wounded.
The hobgoblin misses you.
You closely miss the hobgoblin.
The hobgoblin is lightly wounded.
The hobgoblin hits you but does no damage.
You barely miss the hobgoblin.
The hobgoblin is lightly wounded.
The hobgoblin misses you.
You hit the hobgoblin but do no damage.
The hobgoblin is lightly wounded.
The hobgoblin hits you but does no damage.
You hit the hobgoblin.
The hobgoblin is moderately wounded.
A goblin comes into view. It is wielding a +0 club.
The hobgoblin closely misses you.
You hit the hobgoblin but do no damage.
The hobgoblin is moderately wounded.
The hobgoblin misses you.
You barely miss the hobgoblin.
The hobgoblin is moderately wounded.
The hobgoblin hits you.
You hit the hobgoblin.
The hobgoblin is heavily wounded.
The hobgoblin hits you.
You die...

......##............#
##..#.##.............
####...#.#.##..###.#.#..
.. ....................#
..####........##g.###.###
.........#)#.##..#
.##.##.##.#.#.##..##.###
...............g........
.##............@..##..#.
......................#
........#+##>.##........
###............#..##....
.......#..........# .###
.......#.......#.###.##
###...................#
......##.#...##......#
###.#........#........#


You could see a hobgoblin and a goblin.

Vanquished Creatures
  A goblin (D:1)
  A hobgoblin (D:1)
  A ball python (D:1)
3 creatures vanquished.

Notes
Turn   | Place    | Note
-------+----------+-------------------------------------------
     0 | D:1      | ZARRMARR the Merfolk Ice Elementalist began the quest for
                  | the Orb.
     0 | D:1      | Reached XP level 1. HP: 13/13 MP: 3/3
    76 | D:1      | Slain by a hobgoblin

Illustrated notes

Levels and vault maps discovered:
D:1:      dpeg_arrival_tiny_i, layout_basic, ebering_ecumenical_altar_box,
          grunt_decor_junction

Action                   || total
-------------------------++-------
Melee: Unarmed           ||    12
 Cast: Freeze            ||     5
Armor: Robe              ||     5
Dodge: Dodged            ||    11
